 Dungeon Crawl Stone Soup version 0.29-a0-521-g59ce8b2d47 (webtiles) character file.

Game seed: 3698308978880320596

26 Lekart the Caller (level 2, 0/23 HPs)
             Began as a Draconian Summoner on June 1, 2022.
             Slain by Terence
             ... wielding a +0 short sword
              (6 damage)
             ... on level 2 of the Dungeon.
             The game lasted 00:04:36 (1786 turns).

Lekart the Caller (Draconian Summoner)              Turns: 1786, Time: 00:04:36

Health: 0/23       AC:  4    Str: 10    XL:     2   Next: 89%
Magic:  1/5        EV: 12    Int: 15    God:
Gold:   45         SH:  0    Dex: 11    Spells: 2/5 levels left

rFire   . . .      SeeInvis .   (no weapon)
rCold   . . .      Faith    .   (no shield)
rNeg    . . .      Spirit   .   (body armour unavailable)
rPois   .          Reflect  .   (helmet restricted)
rElec   .          Harm     .   (no cloak)
rCorr   .          Rampage  .   (no gloves)
Will    .....                   (no boots)
Stlth   ++........              (no amulet)
HPRegen 0.07/turn               (no ring)
MPRegen 0.09/turn               (no ring)

@: no status effects
A: AC +4, unfitting armour, cold-blooded
a: no special abilities


You were on level 2 of the Dungeon.
You visited 1 branch of the dungeon, and saw 2 of its levels.

You collected 45 gold pieces.

Inventory:

Jewellery
 i - a ring of see invisible
Scrolls
 c - a scroll of enchant weapon {unknown}
 f - a scroll of poison {unknown}
 g - a scroll of vulnerability {unknown}
 h - a scroll of brand weapon {unknown}
 j - 2 scrolls of identify {unknown}
 l - a scroll of amnesia {unknown}
Potions
 a - a potion of magic
 b - 2 potions of curing {unknown}
 d - a potion of lignification {unknown}
 e - a potion of attraction {unknown}
 k - a potion of mutation {unknown}


   Skills:
 * Level 1.2 Fighting
 + Level 1.8 Dodging
 - Level 1.7 Stealth
 + Level 0.1 Unarmed Combat
 + Level 2.2 Spellcasting
 + Level 4.4 Summonings


You had 2 spell levels left.
You knew the following spells:

 Your Spells              Type           Power      Damage    Failure   Level
a - Summon Small Mammal   Summ           60%        N/A       3%          1
b - Call Imp              Summ           15%        N/A       5%          2

Your spell library contained the following spells:

 Spells                   Type           Power      Damage    Failure   Level
 Slow                     Hex            4%         N/A       22%         1
 Call Canine Familiar     Summ           15%        N/A       11%         3
 Summon Guardian Golem    Hex/Summ       8%         N/A       26%         3
 Confusing Touch          Hex            1%         N/A       54%         3
 Vampiric Draining        Necr           1%         2d6       54%         3
 Summon Lightning Spire   Summ/Air       8%         N/A       65%         4


Dungeon Overview and Level Annotations

Branches:
Dungeon (2/15)

Altars:

Shops:
D:2 :

Annotations:
D:2 Terence


Innate Abilities, Weirdness & Mutations

Your plain brown scales are hard. (AC +4)
You cannot fit into any form of body armour.
You are cold-blooded and may be slowed by cold attacks.


Message History

Your rat closely misses the bat.
Something misses your rat.
You hit the bat.
You kill the bat!
You swap places.
Your crimson imp hits Terence.
Your rat bites Terence but does no damage.
Terence hits your rat with a +0 short sword!
Your rat dies!
Your rat's corpse disappears in a puff of smoke!
Terence shouts!
You swap places.
Your quokka bites Terence but does no damage.
Your crimson imp barely misses Terence.
Terence hits your quokka with a +0 short sword.
Your quokka dies!
Your quokka's corpse disappears in a puff of smoke!
Casting: Summon Small Mammal (safe; 3% risk of failure)
Confirm with . or Enter, or press ? or * to list all spells.
Terence hits your bat with a +0 short sword.
Your bat dies!
Your bat's corpse disappears in a puff of smoke!
Your crimson imp disappears in a puff of smoke!
You see here a scroll labelled GIAHIX FIPECAAN.
Terence shouts, "ATTACK!!!"
Casting: Summon Small Mammal (safe; 3% risk of failure)
Confirm with . or Enter, or press ? or * to list all spells.
A beastly little devil appears in a puff of flame.
You swap places.
Your crimson imp blinks!
You barely miss Terence.
You tail-slap Terence, but do no damage.
Terence is severely wounded.
Terence closely misses you.
You hit Terence but do no damage.
Terence is severely wounded.
Terence hits you with a +0 short sword.
* * * LOW HITPOINT WARNING * * *
Your crimson imp hits Terence but does no damage.
Terence attacks as you move away! Terence barely misses you.
Terence attacks as you move away! Terence hits you with a +0 short sword.
You die...

#.# ### ### #.# #.. ..# #.# #.#
#.#.#### #.# #.# ..#....# ###.#
#.# ..####.# ##.#.# #.#
.......######.#..######.######
.............###.@.5.........#
..####)####.#.#.@###....####.# #
..####.## #......# #....####.#.#
........#####..#.###...?.##....#
..##...........#...............#
..##....######.###.......##...##
#.##.#.## #.# ###.............
#.#.# #.# #...#####..... #.#.#
#.# ##### ###### ....# #.#


You could see Terence (ally target) and a friendly crimson imp (summoned).

Vanquished Creatures
  2 dart slugs
  A ball python (D:1)
  A bat (D:2)
  An endoplasm (D:1)
  A hobgoblin (D:1)
  A kobold (D:2)
  2 frilled lizards
  A rat (D:1)
10 creatures vanquished.

Vanquished Creatures (collateral kills)
  A ball python (D:1)
  2 endoplasms
  A hobgoblin (D:1)
  A quokka (D:1)
  2 bats (D:1)
  2 frilled lizards (D:1)
  A goblin (D:1)
  A kobold (D:1)
  A rat (D:2)
12 creatures vanquished.

Grand Total: 22 creatures vanquished

Notes
Turn   | Place    | Note
-------+----------+-------------------------------------------
     0 | D:1      | Lekart the Draconian Summoner began the quest for the Orb.
     0 | D:1      | Reached XP level 1. HP: 14/14 MP: 3/3
   479 | D:1      | Reached XP level 2. HP: 22/22 MP: 1/5
   482 | D:1      | Learned a level 2 spell: Call Imp
   816 | D:1      | Reached skill level 1 in Fighting
  1375 | D:2      | Found Jatur's Book Boutique.
  1727 | D:2      | Noticed Terence
  1786 | D:2      | Slain by Terence

Illustrated notes

Levels and vault maps discovered:
D:1:      dpeg_arrival_tiny_a, layout_loops_corners
D:2:      layout_loops_ring, serial_shops, nicolae_diamond_shop, uniq_jessica,
          uniq_terence

Skill      XL: |  1  2 |
---------------+-------+-----
Fighting       | 1 |  1.2
Dodging        | |  1.8
Stealth        | |  1.7
Unarmed Combat | |  0.1
Spellcasting   | |  2.2
Summonings     | |  4.4

Action                   || total
-------------------------++-------
Melee: Unarmed           ||    51
       Tailslap          ||    11
       Punch             ||     1
 Cast: Summon Small Mamm ||    21
       Call Imp          ||    15
Armor: Skin              ||    23
Dodge: Dodged            ||    63

Table legend: (Time is in decaauts)
 A = Elapsed time spent in this place.
 B = Non-inter-level travel time spent in this place.
 C = Inter-level travel time spent in this place.
 D = Time resting spent in this place.
 E = Time spent auto-exploring this place.
 F = Levels seen in this place.
 G = Mean time per level.
                   A        B        C        D        E       F      G
               +--------+--------+--------+--------+--------+-----+--------+
         Total |   1785 |   1772 |     13 |      0 |   1512 |   2 |  892.5 |
       Dungeon |   1785 |   1772 |     13 |      0 |   1512 |   2 |  892.5 |
               +--------+--------+--------+--------+--------+-----+--------+

Top non-repeatable levels by time:
     D:1: 1375 daAuts
     D:2: 410 daAuts
